Map: Lightshade LE

Players

Massa

  • Race: Terran Terran
  • League: Platinum
  • Spawn Location: 11:00

Pucka - Winner!

  • Race: Protoss Protoss
  • League: Platinum
  • Spawn Location: 5:00

VOD

Have the link to the VOD?

Description

Time

  • Played on: Feb. 24, 2021, 5:54 p.m.
  • Length: 19:05
Show
View Real Time Build Order
Export as new Build Order

Massa Terran 

Build Orders:  

Get SALT Encoding   

  12  0:00  SCV  
  13  0:12  SCV  
  14  0:21  Supply Depot  
  14  0:24  SCV  
  15  0:42  SCV  
  16  0:43  Barracks  
  16  0:49  Refinery  
  16  0:54  SCV  
  17  1:06  SCV  
  18  1:29  Marine  
  19  1:32  Orbital Command  
  19  1:41  Bunker  
  19  2:00  Reaper  
  20  2:03  SCV  
  21  2:14  Command Center  
  21  2:18  Supply Depot  
  21  2:33  Barracks Reactor  
  21  2:38  Factory  
  21  2:48  SCV  
  22  3:00  SCV  
  23  3:10  Command Center  
  23  3:12  SCV  
  24  3:27  Marine  
  24  3:29  Marine  
  25  3:41  Hellion  
  25  3:43  Orbital Command  
  25  3:45  Marine  
  28  3:49  Refinery  
  28  3:52  Starport  
  28  3:54  SCV  
  29  4:02  Supply Depot  
  29  4:06  SCV, Hellion, Marine x2, Supply Depot  
  34  4:14  SCV  
  35  4:18  SCV  
  36  4:26  SCV  
  36  4:30  SCV  
  38  4:34  Starport Tech Lab  
  38  4:35  Hellion x2  
  42  4:40  Barracks Reactor  
  42  4:45  SCV x3  
  45  4:56  Hellion  
  45  4:57  SCV x3, Hellion  
  52  5:02  Refinery  
  52  5:04  Engineering Bay  
  52  5:09  Banshee, Cloaking Field  
  55  5:19  Barracks  
  53  5:32  Hellion x2  
  58  5:35  SCV x2  
  58  5:36  SCV  
  58  5:38  Marine x2  
  62  5:47  SCV  
  62  5:48  Missile Turret  
  63  5:51  Banshee  
  63  5:52  Missile Turret  
  63  5:56  Marine x2  
  68  6:08  Barracks Tech Lab, Barracks  
  68  6:11  Factory Tech Lab  
  68  6:13  Marine  
  68  6:14  Marine  
  70  6:25  SCV  
  70  6:26  SCV x2  
  70  6:31  Marine  
  74  6:34  Raven  
  74  6:36  Stimpack  
  74  6:38  SCV  
  77  6:44  Supply Depot  
  77  6:45  Supply Depot x3  
  77  6:49  Supply Depot  
  77  6:53  Barracks  
  77  6:59  Barracks  
  77  7:04  SCV x2  
  65  7:27  Marine x2  
  65  7:28  Marauder, Marine x2  
  65  7:39  Planetary Fortress  
  65  7:43  Raven  
  67  7:45  Marine x3  
  67  7:49  Marauder, Siege Tank  
  75  7:55  Barracks Tech Lab x2  
  75  7:59  SCV x2  
  77  8:05  Refinery  
  77  8:11  Marauder  
  79  8:15  Refinery  
  79  8:17  Engineering Bay  
  79  8:20  Armory  
  79  8:21  Siege Tank  
  79  8:23  Concussive Shells, Command Center, Combat Shield  
  79  8:25  Supply Depot x2  
  79  8:26  Supply Depot  
  82  8:32  Marauder  
  82  8:34  Marauder, Marine x4  
  86  8:40  Marauder  
  92  8:49  Supply Depot  
  92  8:50  SCV x3  
  92  8:51  Supply Depot  
  92  8:52  Marine  
  92  8:53  Marauder, Siege Tank  
  92  8:54  Medivac  
  105  8:56  Marauder  
  105  8:57  Marine  
  105  9:02  SCV x3  
  109  9:03  Marine x3  
  109  9:09  Marine  
  112  9:14  Marine  
  112  9:15  Marine  
  112  9:16  SCV  
  117  9:17  SCV x2  
  118  9:24  Refinery  
  118  9:25  Terran Infantry Armor Level 1, Terran Infantry Weapons Level 1  
  118  9:26  Terran Vehicle Weapons Level 1  
  118  9:29  SCV x3, Corvid Reactor  
  121  9:36  Missile Turret  
  121  9:39  Siege Tank  
  124  9:50  Medivac  
  126  10:10  Factory  
  126  10:11  Siege Tank  
  116  10:55  Siege Tank  
  116  10:56  Marauder  
  116  10:57  Marauder x2  
  123  10:58  Factory Tech Lab  
  123  11:03  Smart Servos  
  123  11:08  Medivac  
  125  11:18  Starport  
  125  11:20  Planetary Fortress  
  125  11:21  Barracks  
  125  11:22  SCV x3, Barracks  
  128  11:27  Siege Tank  
  128  11:31  Siege Tank  
  136  11:33  Marauder x2, Marine x3  
  136  11:34  SCV, Marine x2  
  144  11:46  Medivac  
  146  11:51  Marine x5  
  146  11:53  Marine  
  146  11:54  Marine  
  152  11:59  Siege Tank  
  156  12:03  Siege Tank  
  110  12:16  Medivac  
  110  12:22  Drilling Claws  
  99  12:24  Marauder x2, Marine  
  99  12:25  Barracks Tech Lab x2, Marauder  
  101  12:34  Marine x2  
  101  12:35  Marine  
  101  12:36  Terran Infantry Armor Level 2, Terran Infantry Weapons Level 2  
  103  12:38  Terran Vehicle And Ship Armor Level 1  
  100  12:46  Marauder x3  
  88  13:00  Marauder x2, Marine x3  
  88  13:01  Marine  
  96  13:07  Marauder x3  
  102  13:18  Marine  
  100  13:21  Marauder  
  101  13:28  Marauder x2  
  101  13:29  Marauder x2, Marine x3  
  112  13:36  Marine  
  112  13:42  Marauder  
  112  13:47  Marine x3  
  117  13:49  Marauder  
  117  13:50  Marauder x2, Marine  
  117  13:51  Ghost Academy  
  117  13:53  Starport Reactor, Marine, Ghost Academy  
  125  13:57  Siege Tank  
  125  13:58  Siege Tank  
  131  14:03  Marine  
  131  14:04  Marine  
  131  14:05  Refinery, Marine  
  131  14:06  Refinery  
  131  14:08  Marauder  
  136  14:11  Marauder x3, Command Center  
  142  14:21  Marauder  
  142  14:23  Sensor Tower  
  144  14:28  Missile Turret  
  144  14:29  Marauder  
  144  14:30  Siege Tank x2  
  151  14:32  Terran Vehicle Weapons Level 2, Marauder  
  151  14:37  Command Center  
  153  14:51  Marauder x4  
  161  14:53  Marine x4  
  161  14:54  Marauder  
  161  14:56  SCV x4  
  171  15:08  SCV  
  172  15:15  Marine  
  172  15:29  Enhanced Shockwaves, Supply Depot  
  172  15:30  Supply Depot, Personal Cloaking  
  172  15:31  Supply Depot  
  172  15:33  Supply Depot  
  172  15:35  Supply Depot  
  172  15:41  SCV  
  172  15:45  Marine  
  172  15:48  Ghost x4  
  172  15:49  Ghost  
  176  16:01  Supply Depot  
  176  16:09  Siege Tank x2  
  173  16:14  Factory  
  172  16:41  Siege Tank x2  
  131  17:00  Marauder x3  
  131  17:01  Marauder x2, Marine x2  
  107  17:04  Factory Tech Lab  
  91  17:08  Medivac  
  91  17:13  Siege Tank  
  94  17:18  Marine  
  94  17:19  Marine  
  94  17:21  Marauder x2  
  94  17:22  Marauder x3  
  100  17:23  Barracks  
  100  17:24  Barracks x2  
  100  17:25  Barracks x3  
  100  17:29  Command Center  
  79  17:32  Siege Tank  
  76  17:44  Marauder  
  83  17:45  Siege Tank  
  74  17:54  Command Center  
  74  17:55  Factory  
  74  17:58  Factory  
  68  18:04  Siege Tank  
  59  18:18  Siege Tank  
  59  18:26  Barracks Reactor, Engineering Bay  
  58  18:27  Barracks Tech Lab x6  
  59  19:01  Factory Tech Lab x2  
Show
View Real Time Build Order
Export as new Build Order

Pucka Protoss - Winner!

Build Orders: 1 Gate Expand 

Get SALT Encoding   

  12  0:00  Probe  
  13  0:12  Probe  
  14  0:20  Pylon  
  14  0:25  Probe  
  15  0:38  Probe  
  15  0:41  Gateway  
  16  0:47  Assimilator  
  16  0:50  Probe  
  17  1:02  Probe  
  18  1:14  Probe  
  19  1:26  Probe  
  20  1:33  Cybernetics Core  
  20  1:42  Nexus  
  20  1:45  Probe  
  21  1:56  Pylon  
  21  1:58  Probe  
  22  2:10  Probe, Gateway  
  23  2:18  Stalker (Chrono Boost)  
  25  2:25  Probe  
  26  2:30  Warp Gate (Chrono Boost)  
  26  2:46  Sentry (Chrono Boost)  
  26  2:48  Pylon  
  26  2:51  Assimilator  
  28  2:54  Probe (Chrono Boost)  
  30  2:58  Probe (Chrono Boost)  
  31  3:06  Probe (Chrono Boost)  
  31  3:08  Probe (Chrono Boost)  
  31  3:11  Probe (Chrono Boost)  
  33  3:13  Probe (Chrono Boost)  
  33  3:20  Probe  
  33  3:24  Probe  
  34  3:33  Probe, Stalker  
  37  3:37  Probe  
  38  3:44  Stalker  
  38  3:46  Probe  
  41  3:49  Probe  
  42  3:58  Probe  
  42  4:00  Twilight Council  
  43  4:05  Robotics Facility  
  43  4:09  Gateway  
  43  4:15  Gateway  
  43  4:18  Pylon  
  43  4:20  Probe x2  
  45  4:27  Assimilator  
  45  4:28  Stalker x2  
  45  4:29  Assimilator  
  49  4:47  Probe x2  
  51  4:59  Probe x2  
  53  5:03  Observer, Blink (Chrono Boost)  
  54  5:11  Probe x2  
  54  5:12  Stalker x2  
  60  5:14  Stalker  
  62  5:25  Pylon  
  62  5:34  Pylon  
  62  5:43  Probe x2, Pylon  
  62  5:47  Immortal  
  68  5:50  Stalker  
  68  5:54  Stalker x2  
  68  5:55  Stalker  
  76  6:06  Forge x2  
  76  6:09  Gateway  
  76  6:11  Pylon  
  76  6:13  Probe x2  
  76  6:16  Stalker  
  80  6:41  Protoss Ground Weapons Level 1, Protoss Ground Armor Level 1  
  80  6:43  Probe x2  
  82  7:02  Nexus  
  82  7:04  Pylon  
  82  7:07  Pylon  
  77  7:20  Observer (Chrono Boost)  
  74  7:23  Probe (Chrono Boost)  
  74  7:24  Probe (Chrono Boost)  
  74  7:30  Photon Cannon  
  74  7:33  Probe x2 (Chrono Boost)  
  71  7:38  Probe x2 (Chrono Boost)  
  73  7:50  Probe (Chrono Boost)  
  73  7:51  Probe (Chrono Boost)  
  75  7:59  Shield Battery  
  75  8:01  Probe (Chrono Boost)  
  75  8:02  Probe (Chrono Boost), Shield Battery  
  75  8:04  Photon Cannon  
  77  8:06  Probe x2 (Chrono Boost), Photon Cannon  
  77  8:09  Shield Battery  
  77  8:10  Photon Cannon x2  
  79  8:15  Stalker  
  79  8:16  Probe x2, Stalker x3  
  79  8:17  Stalker  
  91  8:28  Immortal  
  95  8:34  Templar Archives  
  95  8:47  Sentry x2  
  99  8:49  Stalker x3  
  105  9:01  Shield Battery  
  105  9:02  Probe (Chrono Boost)  
  107  9:03  Probe x2 (Chrono Boost)  
  107  9:14  Probe (Chrono Boost)  
  107  9:15  Probe x2 (Chrono Boost)  
  110  9:20  Probe (Chrono Boost), Assimilator  
  110  9:21  Probe x2 (Chrono Boost)  
  113  9:25  Assimilator  
  113  9:34  Pylon  
  113  9:37  High Templar x3  
  113  9:38  High Templar, Pylon  
  121  9:40  Pylon  
  121  9:59  Probe x3  
  124  10:03  Gateway  
  124  10:04  Gateway  
  124  10:08  Gateway  
  124  10:10  Gateway  
  124  10:11  Probe x3, Archon  
  127  10:16  Warp Prism  
  129  10:28  High Templar x2  
  129  10:29  High Templar x2  
  129  10:35  Archon  
  137  10:36  Archon  
  137  11:00  Probe x3  
  140  11:20  Pylon  
  140  11:23  Pylon  
  140  11:25  Pylon  
  140  11:28  Pylon  
  140  11:31  Pylon  
  140  11:32  Pylon  
  140  11:38  Pylon  
  140  11:40  Pylon  
  140  11:41  High Templar x3, Pylon  
  140  11:42  High Templar  
  140  11:43  Pylon  
  140  11:46  Archon  
  148  11:48  Archon  
  148  11:50  High Templar x2  
  148  11:51  High Templar, Pylon  
  148  11:52  High Templar  
  156  11:55  Pylon  
  156  11:56  Pylon  
  156  11:57  Archon x2  
  156  11:58  Archon  
  156  11:59  Pylon  
  140  12:11  Pylon  
  140  12:13  Stalker x2  
  140  12:14  Stalker x3  
  132  12:16  Gateway  
  132  12:18  Gateway  
  132  12:20  Gateway  
  120  12:29  Stalker x2  
  124  12:30  Stalker x2  
  128  12:43  Gateway  
  116  12:48  Gateway  
  116  12:50  Gateway  
  116  12:51  Gateway  
  98  12:53  Gateway  
  92  13:03  High Templar x4  
  92  13:04  High Templar x4  
  92  13:05  High Templar  
  91  13:25  Archon x2  
  91  13:26  Archon x2  
  85  13:28  High Templar  
  85  13:30  Stalker x2  
  89  13:38  Stalker x3  
  89  13:39  Stalker x4  
  89  13:40  Stalker  
  105  13:41  Archon  
  105  13:43  Nexus  
  105  13:47  Pylon  
  105  13:48  Protoss Ground Weapons Level 2 (Chrono Boost)  
  105  13:50  Pylon  
  105  13:59  Protoss Shields Level 1 (Chrono Boost)  
  105  14:05  Charge (Chrono Boost)  
  105  14:13  Zealot x6  
  105  14:14  Zealot x4  
  105  14:15  Zealot x4  
  105  14:16  Zealot x3  
  139  14:35  Shield Battery  
  139  14:39  Shield Battery  
  139  14:41  Photon Cannon  
  139  14:43  Immortal  
  139  14:44  Photon Cannon  
  143  14:48  Photon Cannon  
  143  14:54  Assimilator  
  143  15:06  Assimilator  
  143  15:10  Stalker x5  
  143  15:11  Stalker  
  155  15:22  Observer  
  155  15:27  High Templar x2  
  155  15:28  High Templar x2  
  164  15:32  Archon x2  
  164  15:40  Zealot  
  164  15:41  Zealot x6  
  164  15:42  Zealot x4  
  184  15:48  Shield Battery  
  186  15:57  Zealot  
  188  16:15  Stalker x3  
  188  16:16  Stalker x2  
  198  16:19  Zealot  
  198  16:21  Photon Cannon  
  198  16:23  Photon Cannon  
  200  16:27  Pylon  
  126  17:04  Stalker x6  
  126  17:05  Stalker x6  
  133  17:52  High Templar x4  
  133  17:53  High Templar x4  
  133  17:54  High Templar x5  
  159  18:10  Observer  
  160  18:13  Zealot x3  
  160  18:14  Zealot  
  160  18:16  Archon x2  
  160  18:17  Archon x4  
  168  18:31  Observer  
Tags
 
Add a new tag
Caveats
  • Supply blocks, unpowered buildings, or Contaminate may cause inaccurate times.
  • Supply counts are checked every 10 seconds.